 Dungeon Crawl Stone Soup version 0.28-a0-991-g956f0ee3d5 (webtiles) character file.

Game seed: 448063970472895408

260 demibob the Twirler (level 5, -1/38 HPs)
             Began as a Demonspawn Gladiator on Dec 5, 2021.
             Was a Follower of Vehumet.
             Slain by an orc priest (6 damage)
             ... on level 4 of the Dungeon.
             The game lasted 00:03:59 (3815 turns).

demibob the Twirler (Demonspawn Gladiator)          Turns: 3815, Time: 00:04:00

Health: -1/38      AC:  3    Str: 15    XL:     5   Next: 95%
Magic:  5/5        EV:  9    Int: 11    God:    Vehumet [*.....]
Gold:   93         SH:  0    Dex: 16    Spells: 3/4 levels left

rFire   . . .      SeeInvis .   a - +1 quarterstaff
rCold   . . .      Faith    .   (shield currently unavailable)
rNeg    . . .      Spirit   .   b - +0 leather armour
rPois   +          Reflect  .   (helmet restricted)
rElec   .          Harm     .   (no cloak)
rCorr   .          Rampage  .   (no gloves)
Will    .....                   (no boots)
Stlth   +.........              (no amulet)
HPRegen 0.12/turn               (no ring)
MPRegen 0.09/turn               (no ring)

@: constricted
A: antennae 2, powered by death 1, big brain 1, poison resistance
a: Renounce Religion


You were on level 4 of the Dungeon.
You worshipped Vehumet.
Vehumet was aware of your devotion.
You visited 1 branch of the dungeon, and saw 4 of its levels.

You collected 93 gold pieces.


Innate Abilities, Weirdness & Mutations

You have a pair of antennae on your head.
You regenerate a little health from kills.
You have an unusually large brain. (Int +2)
Your system is resistant to poisons. (rPois)


   Skills:
 - Level 2.0 Fighting
 * Level 5.4 Staves
 - Level 1.7 Throwing
 + Level 0.7 Armour
 - Level 3.0 Dodging
 + Level 2.1 Conjurations


You had 3 spell levels left.
You knew the following spells:

 Your Spells              Type           Power      Damage    Failure   Level
f - Foxfire               Conj/Fire      8%         2x1d4     28%         1

Your spell library contained the following spells:

 Spells                   Type           Power      Damage    Failure   Level


Inventory:

Hand Weapons
 a - a +1 quarterstaff (weapon)
Missiles
 d - 3 throwing nets (quivered) {=f}
Armour
 b - a +0 leather armour (worn)
Wands
 l - a wand of charming (6)
Potions
 e - 2 potions of heal wounds {@q2}
 f - a potion of cancellation {unknown}
 g - a potion of haste {unknown}
 i - a potion of curing {unknown}
 j - a potion of attraction {unknown}

Dungeon Overview and Level Annotations

Branches:
Dungeon (4/15)             Temple (0/1) D:4

Altars:
Vehumet

.o #S. ....... .. ...
#.. ..... .. ...##..
...# .# .....
##..##..### ....
#######.(........ #..
#.......8.8.8....
##..##........⌠.⌠.....
#..osSo......8.>.8.)..
#..{##@[......⌠.⌠..##.
##.. #.<...#.8.8.8.#
#.. #..............#
... #..............#
#... #.......<.##..##
#... #.........# ..
#... #.....##....
#.....# .... .......
..


You could see a scorpion, an orc priest, an orc and a ball python.


Message History

The ball python closely misses you.
The orc priest hits you with a +1 trident of protection!
The ball python bites you but does no damage.
The ball python closely misses you.
You closely miss the orc priest.
The orc priest hits you with a +1 trident of protection.
The ball python bites you. The ball python barely misses you.
You sock the orc priest!
The orc priest is almost dead.
The orc priest barely misses you. The ball python closely misses you.
The ball python barely misses you.
You closely miss the orc priest.
The orc priest is almost dead.
The orc priest hits you with a +1 trident of protection!
* * * LOW HITPOINT WARNING * * *
The ball python barely misses you. The ball python closely misses you.
You barely miss the orc priest.
The orc priest is almost dead.
The ball python bites you but does no damage.
The ball python grabs you. The ball python constricts you.
* * * LOW HITPOINT WARNING * * *
The orc priest hits you with a +1 trident of protection!
* * * LOW HITPOINT WARNING * * *
The ball python bites you.
* * * LOW HITPOINT WARNING * * *
The ball python constricts you.
You hit the orc priest.
The orc priest is almost dead.
The orc priest hits you with a +1 trident of protection.
You die...

Skill      XL: |  1  2  3  4  5 |
---------------+----------------+-----
Staves         | 3 4 5 |  5.4
Dodging        | 3 |  3.0
Conjurations   | 1 2 |  2.1
Fighting       | |  2.0
Throwing       | |  1.7
Armour         | |  0.7

Action                   |  1- 3 |  4- 6 || total
-------------------------+-------+-------++-------
Melee: Quarterstaff      |   109 |   127 ||   236
 Cast: Foxfire           |       |     1 ||     1
  Use: Scroll            |     3 |     6 ||     9
       Potion            |     1 |       ||     1
 Stab: Sleeping          |     1 |       ||     1
       Distracted        |     1 |     1 ||     2
Armor: Leather armour    |    17 |    26 ||    43
Dodge: Dodged            |    85 |    78 ||   163

Levels and vault maps discovered:
D:1:      dpeg_arrival_pond, layout_basic, minmay_misc_feat_room, minivault_14,
          hex_medium
D:2:      layout_rooms, shapermc_ecumenical_altar_pompeii, serial_bayou_pond_b
D:3:      layout_basic
D:4:      layout_gridville, minmay_temple_entry_statues_fountains

Notes
Turn   | Place    | Note
-------+----------+-------------------------------------------
     0 | D:1      | demibob the Demonspawn Gladiator began the quest for the
                  | Orb.
     0 | D:1      | Reached XP level 1. HP: 16/16 MP: 1/1
    41 | D:1      | Reached skill level 3 in Staves
   112 | D:1      | Gained mutation: You have a pair of small antennae on your
                  | head. [demonic ancestry]
   112 | D:1      | Reached XP level 2. HP: 20/22 MP: 2/2
  1109 | D:1      | Gained mutation: You have a pair of antennae on your head.
                  | [potion of mutation]
  1109 | D:1      | Gained mutation: Your system is resistant to poisons.
                  | (rPois) [potion of mutation]
  1281 | D:2      | Gained mutation: You regenerate a little health from kills.
                  | [demonic ancestry]
  1281 | D:2      | Reached XP level 3. HP: 27/27 MP: 3/3
  1379 | D:2      | Found a faded altar of an unknown god.
  1421 | D:2      | Reached skill level 4 in Staves
  1675 | D:2      | Reached skill level 3 in Dodging
  1675 | D:2      | Reached XP level 4. HP: 30/33 MP: 4/4
  1973 | D:2      | Prayed at the altar of an unknown god.
  1973 | D:2      | Became a worshipper of Vehumet
  1973 | D:2      | Reached * piety under Vehumet
  1973 | D:2      | Offered knowledge of Foxfire by Vehumet.
  1976 | D:2      | Learned a level 1 spell: Foxfire
  2275 | D:3      | Reached skill level 1 in Conjurations
  2372 | D:3      | Gained mutation: You have an unusually large brain. (Int
                  | +2) [demonic ancestry]
  2372 | D:3      | Reached XP level 5. HP: 22/38 MP: 5/5
  2539 | D:3      | Reached skill level 5 in Staves
  3449 | D:4      | Found a staircase to the Ecumenical Temple.
  3527 | D:3      | Reached skill level 2 in Conjurations
  3815 | D:4      | Slain by an orc priest

Vanquished Creatures
  A centaur skeleton (D:3)
  An iguana (D:3)
  2 orc wizards (D:3)
  7 adders
  2 worms (D:2)
  A dart slug (D:4)
  7 orcs
  8 ball pythons
  5 bats
  8 endoplasms
  2 giant cockroaches (D:1)
  11 goblins
  7 hobgoblins
  6 kobolds
  4 quokkas
  2 frilled lizards
  6 rats
80 creatures vanquished.

Vanquished Creatures (others)
  2 foxfires (D:4)
  A plant (D:2)
3 creatures vanquished.

Grand Total: 83 creatures vanquished

Table legend: (Time is in decaauts)
 A = Elapsed time spent in this place.
 B = Non-inter-level travel time spent in this place.
 C = Inter-level travel time spent in this place.
 D = Time resting spent in this place.
 E = Time spent auto-exploring this place.
 F = Levels seen in this place.
 G = Mean time per level.
                   A        B        C        D        E       F      G
               +--------+--------+--------+--------+--------+-----+--------+
         Total |   3839 |   3731 |    108 |    718 |   2433 |   4 |  959.8 |
       Dungeon |   3839 |   3731 |    108 |    718 |   2433 |   4 |  959.8 |
               +--------+--------+--------+--------+--------+-----+--------+

Top non-repeatable levels by time:
     D:3: 1733 daAuts
     D:1: 1160 daAuts
     D:2: 848 daAuts
     D:4: 98 daAuts

Table legend:
 A = Non-vault XP
 B = Vault XP
 C = Vault XP percentage of total XP
 D = Non-vault monster count
 E = Vault monster count
 F = Vault count percentage of total count
                 A         B        C        D         E       F
            +---------+---------+-------+---------+---------+-------
      Total |     366 |       6 |   1.6 |      76 |       4 |   5.0
            +---------+---------+-------+---------+---------+-------
        D:1 |      34 |       0 |   0.0 |      19 |       0 |   0.0
        D:2 |      67 |       6 |   8.2 |      22 |       4 |  15.4
        D:3 |     242 |       0 |   0.0 |      30 |       0 |   0.0
        D:4 |      23 |       0 |   0.0 |       5 |       0 |   0.0
            +---------+---------+-------+---------+---------+-------
